 Seeded DCSS version 0.29-a0-1027-gcd8c55af63 (webtiles) character file.

Game seed: 20220813 (custom seed)

175 purpskrrrp the Cudgeller (level 5, -8/42 HPs)
             Began as a Demigod Fighter on Aug 12, 2022.
             Mangled by an ogre
             ... wielding a +0 giant spiked club
              (23 damage)
             ... on level 4 of the Dungeon.
             The game lasted 00:09:20 (4021 turns).

purpskrrrp the Cudgeller (Demigod Fighter)          Turns: 4021, Time: 00:09:21

Health: -8/42      AC:  8    Str: 21    XL:     5   Next: 7%
Magic:  7/7        EV:  9    Int: 16    God:
Gold:   171        SH:  9    Dex: 13    Spells: 4/4 levels left

rFire   . . .      SeeInvis .   a - +0 flail
rCold   . . .      Faith    .   c - +0 buckler
rNeg    . . .      Spirit   .   b - +0 scale mail
rPois   .          Reflect  +   k - +0 helmet
rElec   .          Harm     .   (no cloak)
rCorr   .          Rampage  .   (no gloves)
Will    .....                   y - +0 pair of boots
Stlth   ..........              v - amulet of reflection
HPRegen 0.14/turn               p - +6 ring of intelligence
MPRegen 0.10/turn               (no ring)

@: mighty
A: high MP 1, forlorn, divine attributes
a: no special abilities


You were on level 4 of the Dungeon.
You visited 1 branch of the dungeon, and saw 4 of its levels.

You collected 171 gold pieces.

Inventory:

Hand Weapons
 a - a +0 flail (weapon)
 w - a +3 vampiric spear
Armour
 b - a +0 scale mail (worn)
 c - a +0 buckler (worn)
 e - a +0 ring mail
 k - a +0 helmet (worn)
 y - a +0 pair of boots (worn)
Jewellery
 p - a +6 ring of intelligence (left hand)
 v - an amulet of reflection (around neck)
Wands
 t - a wand of polymorph (4)
Scrolls
 f - 3 scrolls of identify {unknown}
 g - 2 scrolls of blinking {unknown}
 h - a scroll of noise {unknown}
 i - 3 scrolls of teleportation
 q - a scroll of immolation {unknown}
 r - a scroll of vulnerability
 s - a scroll of brand weapon {unknown}
 u - a scroll of fear {unknown}
 x - a scroll of fog {unknown}
 z - a scroll of poison {unknown}
Potions
 j - a potion of flight {unknown}
 l - a potion of degeneration {unknown}
 m - a potion of cancellation {unknown}
 n - a potion of heal wounds {unknown}
 o - 2 potions of curing {unknown}


   Skills:
 - Level 2.6 Fighting
 + Level 5.1 Maces & Flails
 - Level 2.6 Armour
 - Level 2.6 Shields


You had 4 spell levels left.
You didn't know any spells.
Your spell library contained the following spells:

 Spells                   Type           Power      Damage    Failure   Level
 Magic Dart               Conj           0%         1d3       67%         1
 Call Imp                 Summ           0%         N/A       80%         2
 Mephitic Cloud           Conj/Pois/Air  0%         N/A       95%         3
 Alistair's Intoxication  Tmut/Pois      0%         N/A       100%        5
 Borgnjor's Vile Clutch   Necr/Erth      0%         N/A       100%        5
 Eringya's Noxious Bog    Tmut/Pois      0%         N/A       100%        6


Dungeon Overview and Level Annotations

Branches:
Dungeon (4/15)
 Temple: D:4-7

Shops:
D:3 ((([(


Innate Abilities, Weirdness & Mutations

You have an increased reservoir of magic. (+10% MP)
You shall have no god before yourself.
Your divine heritage dramatically boosts your attributes as you level up.


Message History

The ball python constricts you.
You barely miss the ball python. You block the ball python's attack.
The ball python constricts you.
You hit the ball python.
The ball python is moderately wounded.
You block the ball python's attack. The ball python constricts you.
You hit the ball python.
The ball python is heavily wounded.
The ball python bites you but does no damage.
The ball python constricts you. The ball python closely misses you.
The ball python constricts you.
You hit the ball python.
You kill the ball python!
You see here a ball python corpse.
The ogre closely misses you.
You hit the ogre.
The ogre is lightly wounded.
The ogre closely misses you.
You barely miss the ogre.
The ogre is lightly wounded.
You hit the ogre.
The ogre is lightly wounded.
The ogre closely misses you.
You sock the ogre!
The ogre is heavily wounded.
The ogre hits you with a +0 giant spiked club!
You barely miss the ogre.
The ogre is heavily wounded.
The ogre barely misses you.
You feel very mighty all of a sudden.
You hit the ogre.
The ogre is heavily wounded.
The ogre hits you with a +0 giant spiked club!
You are too injured to fight recklessly!
You are too injured to fight recklessly!
You hit the ogre.
The ogre is severely wounded.
The ogre hits you with a +0 giant spiked club!!
Ouch! That really hurt!
You die...

##... ....#.
##....#.....#.
.###.....#....#.
........##..... ...#.
...[....##...## #..#.
#.............. ....
#.......!.# ...
###....O@†..## #.###..
#...##.##.#..# ...
.....##....# ###..# #..#
#.[#....########.## #..##
#................##.....
#.#............>........
#..#...<.................
..#.......................
.........................#


You could see an ogre.

Vanquished Creatures
  A scorpion (D:4)
  4 gnolls (D:2)
  3 adders (D:3)
  8 ball pythons
  8 endoplasms
  4 goblins
  3 hobgoblins
  3 jackals (D:2)
  4 quokkas
  2 bats
  3 frilled lizards
  4 kobolds
  4 rats
51 creatures vanquished.

Notes
Turn   | Place    | Note
-------+----------+-------------------------------------------
     0 | D:1      | purpskrrrp the Demigod Fighter began the quest for the Orb.
     0 | D:1      | Reached XP level 1. HP: 18/18 MP: 3/3
     6 | D:1      | Noticed a polar bear
     6 | D:1      | Noticed a salamander
     7 | D:1      | Noticed a rime drake
    36 | D:1      | Reached skill level 2 in Maces & Flails
   515 | D:1      | Reached XP level 2. HP: 25/25 MP: 4/4
   956 | D:1      | Reached skill level 3 in Maces & Flails
  1935 | D:2      | Reached XP level 3. HP: 22/30 MP: 5/5
  2614 | D:2      | Reached skill level 4 in Maces & Flails
  2867 | D:3      | Reached XP level 4. HP: 37/37 MP: 6/6
  2936 | D:3      | Found Guhuseed's Weapon Shoppe.
  3186 | D:3      | Found Mavvokar's Armour Emporium.
  3197 | D:3      | Found Isys's Antique Weapon Emporium.
  3234 | D:3      | Found Otopsi's Antique Weapon Emporium.
  3375 | D:3      | Found Acaleha's Weapon Shop.
  3700 | D:4      | Reached skill level 5 in Maces & Flails
  3700 | D:4      | Reached XP level 5. HP: 11/42 MP: 7/7
  3730 | D:4      | Noticed an ogre
  4021 | D:4      | Mangled by an ogre

Illustrated notes

Levels and vault maps discovered:
D:1:      onia_arrival_zoo_common, layout_basic
D:2:      layout_basic
D:3:      layout_loops_ring, serial_shops, shop, nicolae_shop_stone, shop,
          nicolae_shop_waterfront, shop, ebering_ecumenical_altar_abandoned,
          grunt_ministairs_3
D:4:      layout_cave_pools, mainiacjoe_overflow_tiny_flanked

Skill      XL: |  1  2  3  4 |
---------------+-------------+-----
Maces & Flails | 2 3 4 5 |  5.1
Fighting       | |  2.6
Armour         | |  2.6
Shields        | |  2.6

Action                   |  1- 3 |  4- 6 || total
-------------------------+-------+-------++-------
Melee: Flail             |   121 |    66 ||   187
  Use: Scroll            |     2 |       ||     2
       Potion            |     1 |     2 ||     3
Armor: Scale mail        |    72 |    24 ||    96
Dodge: Dodged            |    59 |    25 ||    84
Block: Buckler           |    39 |    32 ||    71
       Reflection        |       |     1 ||     1

Table legend: (Time is in decaauts)
 A = Elapsed time spent in this place.
 B = Non-inter-level travel time spent in this place.
 C = Inter-level travel time spent in this place.
 D = Time resting spent in this place.
 E = Time spent auto-exploring this place.
 F = Levels seen in this place.
 G = Mean time per level.
                   A        B        C        D        E       F      G
               +--------+--------+--------+--------+--------+-----+--------+
         Total |   4070 |   3927 |    143 |    529 |   2684 |   4 | 1017.5 |
       Dungeon |   4070 |   3927 |    143 |    529 |   2684 |   4 | 1017.5 |
               +--------+--------+--------+--------+--------+-----+--------+

Top non-repeatable levels by time:
     D:2: 1507 daAuts
     D:1: 1342 daAuts
     D:3: 1140 daAuts
     D:4: 80 daAuts
